 Dungeon Crawl Stone Soup version 0.19.3 (webtiles) character file.

3031 bosm the Insei (level 9, -1/58 HPs)
             Began as an Octopode Transmuter on Jan 22, 2017.
             Slain by a big kobold
             ... wielding a +0 short sword
              (7 damage)
             ... on level 6 of the Dungeon.
             The game lasted 00:19:07 (7013 turns).

bosm the Insei (Octopode Transmuter)                Turns: 7013, Time: 00:19:07

Health: -1/58      AC:  2    Str: 10    XL:     9   Next: 86%
Magic:  16/18      EV: 25    Int: 20    God:
Gold:   365        SH:  0    Dex: 17    Spells: 5 memorised, 6 levels left

rFire  + . .     SeeInvis .       - Unarmed
rCold  x . .     Gourm    .     (shield currently unavailable)
rNeg   + . .     Faith    .     (helmet currently unavailable)
rPois  x         Spirit   .     (no amulet)
rElec  .         Reflect  .     r - ring of flight
rCorr  .         Harm     .     w - ring of fire
MR     .....     Rnd*Rage +     h - +2 ring of evasion
Stlth  ++........               v - ring of wizardry
                                s - ring of positive energy
                                (no ring)
                                (no ring)
                                (no ring)

@: spider-form
A: almost no armour, stealthy swim, (amphibious), 8 rings, (constrict 8),
(camouflage 0), berserk 1, clever 1, (gelatinous body 0)
a: End Transformation, Evoke Flight


You were on level 6 of the Dungeon.
You were not hungry.
You were a venomous arachnid creature.
You visited 2 branches of the dungeon, and saw 8 of its levels.
You also visited: Sewer.

You collected 365 gold pieces.

Inventory:

Missiles
 a - 53 arrows
 t - a throwing net (quivered)
Armour
 g - a +0 buckler (melded)
Jewellery
 h - a +2 ring of evasion (on tentacle)
 r - a ring of flight (left front leg)
 s - a ring of positive energy (on tentacle)
 v - a ring of wizardry (on tentacle)
 w - a ring of fire (right front leg)
Wands
 f - a wand of iceblast (7/15)
 i - a wand of confusion (30/48)
 j - a wand of digging (14/24)
 k - a wand of teleportation (3/9)
Scrolls
 d - 2 scrolls of remove curse
 o - 3 scrolls of identify
Potions
 e - a potion of flight
 q - 3 potions of brilliance
Books
 b - a book of Changes

   Spells                             Type                      Level
   a - Beastly Appendage              Transmutation                1
   b - Sticks to Snakes               Transmutation                2
   c - Spider Form                    Transmutation/Poison         3
   d - Ice Form                       Ice/Transmutation            4
   e - Blade Hands                    Transmutation                5
Comestibles
 c - 6 bread rations
 l - 4 chunks of flesh
 n - a beef jerky
 u - 3 meat rations


   Skills:
 - Level 4.0 Fighting
 + Level 4.8 Dodging
 + Level 1.7 Shields
 * Level 7.3 Unarmed Combat
 * Level 6.5 Spellcasting
 * Level 7.1 Transmutations


You had 6 spell levels left.
You knew the following spells:

 Your Spells              Type           Power        Failure   Level  Hunger
a - Beastly Appendage     Tmut           #####.       1%          1    None
b - Spider Form           Tmut/Pois      ###.......   10%         3    #......
d - Blade Hands           Tmut           #####.....   16%         5    #####..
e - Ice Form              Ice/Tmut       ###.....     21%         4    ###....
w - Sticks to Snakes      Tmut           #####...     1%          2    None


Dungeon Overview and Level Annotations

Branches:
Dungeon (7/15)             Temple (1/1) D:5

Altars:
Ashenzari
Cheibriados
Dithmenos
Fedhas
Gozag
Hepliaklqana
Kikubaaqudgha
Nemelex Xobeh
Okawaru
Qazlal
Ru
Trog
Vehumet
Xom
Yredelemnul
Zin
The Shining One


Innate Abilities, Weirdness & Mutations

You cannot wear most types of armour.
You are very stealthy in the water. (Stealth+)
((You are amphibious.))
You can wear up to eight rings at the same time.
((You can use your tentacles to constrict eight enemies at once.))
((Your skin changes colour to match your surroundings (Stealth+).))
((Your rubbery body absorbs attacks. (AC +1, EV +1)))
You tend to lose your temper in combat.
Your mind is acute. (Int +2)


Message History

The big kobold is moderately wounded.
The big kobold hits you with a short sword.
* * * LOW HITPOINT WARNING * * *
You bite the big kobold!
The big kobold looks as sick as possible!
The big kobold is heavily wounded.
The big kobold completely misses you.
The big kobold hits you with a short sword.
* * * LOW HITPOINT WARNING * * *
Okay, then.
As you read the scroll labeled GUUN XIYLARI, it crumbles to dust.
You feel momentarily disoriented.
It was a scroll of magic mapping.
The big kobold misses you.
As you read the scroll labeled KAELAEJ XUCH, it crumbles to dust.
It is a scroll of enchant weapon.
You aren't carrying any weapons that can be enchanted.
The big kobold completely misses you. The big kobold barely misses you.
The big kobold closely misses you.
The big kobold hits you with a short sword!
You die...

#.##.#.#.# ###.########
#####........#.. #............#..
#.....)...)..... ########
####............... .......#
#.>.........###....
.......##########K...............
................s.....#..###.....
.......#######...#)...#.#........
.......#######...#...............
#####........#...................
#............##..............
#................##..........
#>..............###.#........
#........#...##.##..#.#..###.
#........#....#....##.##.# #.


You could see a big kobold (berserk).

Vanquished Creatures
  Pikel (D:4)
  Grinder (D:6)
  Prince Ribbit (D:6)
  Sigmund (D:5)
  Eustachio (D:4)
  Edmund (D:6)
  A sky beast (D:5)
  Duvessa (D:4)
  A slave (D:4)
  2 black bears (D:6)
  An orc warrior (D:6)
  An ice beast (D:7)
  2 centaurs (D:6)
  2 phantoms (D:7)
  A big kobold (Sewer)
  3 bullfrogs
  Dowan (D:4)
  A howler monkey (D:4)
  2 crimson imps
  2 hounds
  An orc priest (D:6)
  2 orc wizards (D:5)
  2 iguanas
  Jessica (D:2)
  2 bullfrog skeletons (D:5)
  Terence (D:2)
  2 worker ants (D:4)
  A gnoll (D:6)
  3 adders
  2 shadow imps (D:6)
  An ooze (D:6)
  2 adder skeletons
  3 worms
  3 dart slugs
  4 leopard geckos
  12 orcs
  5 bats
  8 giant cockroaches
  13 goblins
  11 hobgoblins
  4 jackals
  14 kobolds
  4 quokkas
  A ball python (D:5)
  5 frilled lizards
  A giant cockroach zombie (D:5)
  A quokka skeleton (D:6)
  10 rats
146 creatures vanquished.

Vanquished Creatures (collateral kills)
  Robin (D:2)
  2 adders
  A bat (D:2)
  6 goblins (D:2)
  A hobgoblin (D:2)
  A rat (D:2)
12 creatures vanquished.

Vanquished Creatures (others)
  A hound skeleton (D:4)
  An ooze (D:4)
  4 jackals (D:4)
6 creatures vanquished.

Grand Total: 164 creatures vanquished

Notes
Turn   | Place    | Note
-------+----------+-------------------------------------------
     0 | D:1      | bosm the Octopode Transmuter began the quest for the Orb.
     0 | D:1      | Reached XP level 1. HP: 13/13 MP: 3/3
    63 | D:1      | Reached XP level 2. HP: 10/18 MP: 3/5
   831 | D:1      | Learned a level 2 spell: Sticks to Snakes
   846 | D:1      | Reached XP level 3. HP: 19/23 MP: 5/7
   851 | D:1      | Learned a level 3 spell: Spider Form
   939 | D:2      | Noticed Robin
   948 | D:2      | Killed Robin
  1122 | D:2      | Noticed Jessica
  1137 | D:2      | Killed Jessica
  1137 | D:2      | Reached XP level 4. HP: 28/28 MP: 4/8
  1285 | D:2      | Noticed Terence
  1290 | D:2      | Killed Terence
  1448 | D:2      | Reached XP level 5. HP: 33/33 MP: 6/10
  2220 | D:3      | Found a blossoming altar of Fedhas.
  2687 | D:4      | Noticed Pikel
  2687 | D:4      | Noticed a slave
  2687 | D:4      | Noticed a slave
  2687 | D:4      | Noticed a slave
  2687 | D:4      | Noticed a slave
  2727 | D:4      | Noticed Duvessa
  2727 | D:4      | Noticed Dowan
  2809 | D:4      | Found a radiant altar of Vehumet.
  2865 | D:4      | Found a glowing drain.
  2874 | Sewer    | Entered a sewer
  2928 | Sewer    | Noticed a big kobold
  2953 | Sewer    | Killed a big kobold
  2953 | Sewer    | Reached XP level 6. HP: 38/38 MP: 8/11
  3016 | Sewer    | Found a white marble altar of Elyvilon.
  3141 | D:4      | Gained mutation: Your mind is acute. (Int +2) [potion of mutation]
  3141 | D:4      | Gained mutation: You tend to lose your temper in combat. [potion of mutation]
  3400 | D:4      | Killed a slave
  3419 | D:4      | Killed Pikel
  3419 | D:4      | Reached skill level 5 in Unarmed Combat
  3419 | D:4      | Reached XP level 7. HP: 17/45 MP: 3/14
  4003 | D:4      | Noticed Eustachio
  4016 | D:4      | Killed Eustachio
  4016 | D:4      | Reached skill level 5 in Spellcasting
  4016 | D:4      | Reached XP level 8. HP: 42/51 MP: 12/15
  4145 | D:4      | Reached skill level 5 in Transmutations
  4227 | D:4      | Killed Duvessa
  4233 | D:4      | Killed Dowan
  4466 | D:5      | Entered Level 5 of the Dungeon
  4493 | D:5      | Noticed Sigmund
  4505 | D:5      | Killed Sigmund
  4691 | D:5      | Found a staircase to the Ecumenical Temple.
  4700 | Temple   | Entered the Ecumenical Temple
  5030 | D:5      | Found a shadowy altar of Dithmenos.
  5139 | D:5      | Found a faded altar of an unknown god.
  5139 | D:5      | Found a hazy altar of Hepliaklqana.
  5145 | D:5      | Found an ancient bone altar of Kikubaaqudgha.
  5147 | D:5      | Found a glowing golden altar of the Shining One.
  5149 | D:5      | Found a faded altar of an unknown god.
  5190 | D:5      | Found a sacrificial altar of Ru.
  5547 | D:6      | Reached XP level 9. HP: 49/57 MP: 12/17
  5908 | D:6      | Found an iron altar of Okawaru.
  5957 | D:6      | Noticed Edmund
  5972 | D:6      | Killed Edmund
  6047 | D:6      | Noticed Prince Ribbit
  6058 | D:6      | Killed Prince Ribbit
  6139 | D:6      | Noticed Grinder
  6147 | D:6      | Paralysed by Grinder for 2 turns
  6152 | D:6      | Killed Grinder
  6467 | D:6      | Reached skill level 1 in Shields
  6477 | D:6      | Learned a level 5 spell: Blade Hands
  6482 | D:6      | Learned a level 4 spell: Ice Form
  6961 | D:7      | Noticed a troll
  7013 | D:6      | Slain by a big kobold

Skill      XL: |  1  2  3  4  5  6  7  8  9 |
---------------+----------------------------+-----
Spellcasting   | 3 4 5 6 |  6.5
Transmutations | 3 4 6 7 |  7.1
Unarmed Combat | 4 5 6 7 |  7.3
Fighting       | 2 3 4 |  4.0
Dodging        | 3 4 |  4.8
Shields        | 1 |  1.7

Action                   |  1- 3 |  4- 6 |  7- 9 || total
-------------------------+-------+-------+-------++-------
Melee: Unarmed           |    69 |   154 |   222 ||   445
       Kick              |     7 |       |       ||     7
       Constrict         |    20 |     8 |    12 ||    40
       Tentacles         |    13 |     2 |    11 ||    26
       Punch             |     1 |     1 |     1 ||     3
 Cast: Beastly Appendage |     3 |       |       ||     3
       Sticks to Snakes  |     4 |     2 |    11 ||    17
       Spider Form       |     1 |    19 |    23 ||    43
       Blade Hands       |       |       |     3 ||     3
 Abil: End Transformatio |       |       |     4 ||     4
       Evoke Flight      |       |       |     1 ||     1
  Use: Scroll            |       |     7 |     4 ||    11
       Potion            |       |    10 |     3 ||    13
 Stab: Sleeping          |     1 |     5 |     3 ||     9
       Distracted        |       |     1 |     2 ||     3
       Paralysed         |       |       |     1 ||     1
  Eat: Chunk             |     1 |     9 |    11 ||    21
       Royal jelly       |       |       |     1 ||     1
       Pizza             |       |       |     1 ||     1
Armor: Skin              |     7 |     6 |     5 ||    18
Dodge: Dodged            |    49 |   111 |   188 ||   348
